 Dungeon Crawl Stone Soup version 0.23-a0-619-g281719c (webtiles) character file.

91 Lanoc the Sneak (level 4, -2/30 HPs)
             Began as a Vampire Air Elementalist on Dec 22, 2018.
             Slain by an iguana (8 damage)
             ... on level 3 of the Dungeon.
             The game lasted 00:11:32 (1499 turns).

Lanoc the Sneak (Vampire Air Elementalist)          Turns: 1499, Time: 00:11:32

Health: -2/30      AC:  2    Str:  7    XL:     4   Next: 33%
Magic:  8/8        EV: 17    Int: 17    God:
Gold:   82         SH:  0    Dex: 15    Spells: 5/8 levels left

rFire    . . .     SeeInvis +   d - +2 dagger (vamp)
rCold    . . .     Gourm    .   (no shield)
rNeg     + . .     Faith    .   a - +0 robe
rPois    .         Spirit   .   (no helmet)
rElec    .         Reflect  .   (no cloak)
rCorr    .         Harm     .   (no gloves)
MR       +....     Clarity  +   (no boots)
Stlth    +++.......             (no amulet)
HPRegen  0.10/turn              g - +4 ring of evasion
MPRegen  0.11/turn              (no ring)

@: no status effects
A: fangs 3, see invisible, blink, clarity, magic resistance 1, unbreathing
a: Bat Form, Blink


You were on level 3 of the Dungeon.
You were not thirsty.

You visited 1 branch of the dungeon, and saw 3 of its levels.

You collected 82 gold pieces.

Inventory:

Hand Weapons
 d - a +2 vampiric dagger (weapon)
 i - a +0 dagger of speed
Armour
 a - a +0 robe (worn)
Jewellery
 g - a +4 ring of evasion (left hand)
 k - a +5 ring of dexterity {unknown}
Scrolls
 b - a scroll of fear {unknown}
 c - a scroll of teleportation {unknown}
 e - 3 scrolls of identify {unknown}
 h - 2 scrolls of blinking {unknown}
 j - a scroll of immolation {unknown}
Potions
 f - 5 potions of blood


   Skills:
 + Level 0.0 Fighting
 * Level 1.6 Short Blades
 + Level 3.2 Dodging
 * Level 4.2 Stealth
 - Level 2.7 Spellcasting
 - Level 0.6 Conjurations
 - Level 3.2 Air Magic


You had 5 spell levels left.
You knew the following spells:

 Your Spells              Type           Power        Failure   Level  Hunger
a - Shock                 Conj/Air       #...         9%          1    #......
b - Swiftness             Chrm/Air       #.......     14%         2    ##.....

Your spell library contained the following spells:

 Spells                   Type           Power        Failure   Level  Hunger
 Static Discharge         Conj/Air       #.......     26%         3    ###....
 Airstrike                Air            ##........   43%         4    #####..
 Lightning Bolt           Conj/Air       #.........   93%         5    ######.


Dungeon Overview and Level Annotations

Branches:
Dungeon (3/15)

Altars:
Zin

Annotations:
D:2 Sigmund


Innate Abilities, Weirdness & Mutations

You have razor-sharp teeth.
You have supernaturally acute eyesight. (SInv)
You can survive without breathing.
You can translocate small distances at will.
You possess an exceptional clarity of mind.
You are resistant to hostile enchantments. (MR+)


Message History

The goblin shoots a stone.
The stone barely misses you.
You see here a stone.
Found a dagger.
A rat comes into view.
You see here a dagger.
The helpless rat fails to defend itself.
You impale the rat!!
You kill the rat!
The iguana bites you.
* * * LOW HITPOINT WARNING * * *
You see here a rat corpse.
A quokka comes into view.
Found a runed whip.
An adder comes into view.
Found a long sword.
Found a stone staircase leading up.
The adder hisses angrily.
The adder closely misses you.
There is a stone staircase leading up here.
The adder closely misses you. The iguana bites you!
You die...

#################
...)..†.....g...#
###############.#####.#
#.......... ##...)r..#
#.##......## #........#
...........# #.######.#
...........#.#g#....#
........##.....l.##.#
†.......##......@...#
#.......##.....S.####
...<..............
####.....<..>...###
.).......#....().
##...###.#.#.#### #...#
.#.#.# ##### .# . .#


You could see an iguana, an adder and a goblin.

Vanquished Creatures
  2 adders (D:2)
  A worm (D:2)
  2 dart slugs (D:1)
  A ball python (D:2)
  7 bats
  4 giant cockroaches
  6 goblins
  6 hobgoblins
  12 jackals
  4 frilled lizards
  6 kobolds
  10 rats
61 creatures vanquished.

Notes
Turn   | Place    | Note
-------+----------+-------------------------------------------
     0 | D:1      | Lanoc the Vampire Air Elementalist began the quest for the
                  | Orb.
     0 | D:1      | Reached XP level 1. HP: 13/13 MP: 3/3
   110 | D:1      | Reached XP level 2. HP: 6/19 MP: 0/5
   443 | D:1      | Reached XP level 3. HP: 24/24 MP: 6/6
   499 | D:1      | Reached skill level 1 in Short Blades
   713 | D:2      | Learned a level 2 spell: Swiftness
   846 | D:2      | Reached skill level 4 in Stealth
   846 | D:2      | Reached XP level 4. HP: 18/30 MP: 7/7
  1019 | D:2      | Found a glowing silver altar of Zin.
  1034 | D:2      | Noticed Sigmund
  1355 | D:2      | Gained mutation: You possess an exceptional clarity of
                  | mind. [potion of mutation]
  1355 | D:2      | Gained mutation: You are resistant to hostile enchantments.
                  | (MR+) [potion of mutation]
  1355 | D:2      | Gained mutation: You can translocate small distances at
                  | will. [potion of mutation]
  1499 | D:3      | Slain by an iguana

Vault maps used:
D:1:      lemuel_arrival_muddy
D:2:      old_standard_altar, uniq_sigmund
D:3:      tso_oasis_becter, tgw_xom, grunt_ministairs_15

Skill      XL: |  1  2  3 |
---------------+----------+-----
Short Blades   | 1 |  1.6
Dodging        | 3 |  3.2
Stealth        | 4 |  4.2
Spellcasting   | |  2.7
Conjurations   | |  0.6
Air Magic      | |  3.2

Action                   |  1- 3 |  4- 6 || total
-------------------------+-------+-------++-------
Melee: Unarmed           |    17 |       ||    17
       Bite              |     8 |    14 ||    22
       Dagger            |   124 |   133 ||   257
 Cast: Shock             |    14 |     1 ||    15
  Use: Potion            |     4 |     1 ||     5
 Stab: Sleeping          |     5 |     1 ||     6
Armor: Robe              |    45 |    19 ||    64
Dodge: Dodged            |   128 |   158 ||   286

Table legend:
 A = Non-vault XP
 B = Vault XP
 C = Vault XP percentage of total XP
 D = Non-vault monster count
 E = Vault monster count
 F = Vault count percentage of total count
                 A         B        C        D         E       F
            +---------+---------+-------+---------+---------+-------
      Total |     130 |       0 |   0.0 |      61 |       0 |   0.0
            +---------+---------+-------+---------+---------+-------
        D:1 |      56 |       0 |   0.0 |      33 |       0 |   0.0
        D:2 |      61 |       0 |   0.0 |      20 |       0 |   0.0
        D:3 |      13 |       0 |   0.0 |       8 |       0 |   0.0
            +---------+---------+-------+---------+---------+-------
